AoeStats
← bellotodelnorte

Arabia

505326382Analyzed
3v3 RM · 22d ago on Sep 8, 2026· 40m 14s· 6 players
Game mode
Random Map
Map size
Normal (6 player)
Population
200
Speed
Normal
Resources
Standard
Victory
Conquest
Starting age
Dark Age
Ending age
Imperial Age
RankedLock teamsTeams togetherTeam positionsShared explorationLock speedFull tech treeHidden civsTurbo modeCheats
Victory
Defeat
1176
+13
🇨🇱 Malay · Chile
1166
+13
🇦🇷 Tupi · Argentina
1076
+16
🇺🇸 Tatars · United States
1102
-14
🇦🇷 Slavs · Argentina
1101
-14
🇸🇪 Burgundians · Sweden
1098
-14
Hieronymous Bosch
7:04 Loom
9:54 Feudal Age
11:22 Double-Bit Axe
14:13 Fletching
15:31 Padded Archer Armor
21:28 Castle Age
20:21 Horse Collar
27:20 Gold Mining
29:16 Town Watch
30:22 Pikeman
Arcalon
5:40 Loom
11:48 Feudal Age
13:10 Horse Collar
13:20 Double-Bit Axe
15:37 Wheelbarrow
19:41 Castle Age
17:04 Man-at-Arms
19:14 Gold Mining
22:15 Pikeman
24:50 Scale Mail Armor
25:01 Forging
27:09 Long Swordsman
32:54 Hand Cart
32:38 Stone Mining
33:24 Gold Shaft Mining
s
5:26 Double-Bit Axe
11:12 Feudal Age
10:13 Gold Mining
10:13 Horse Collar
12:32 Bow Saw
15:11 Heavy Plow
20:31 Castle Age
19:07 Forging
19:23 Gold Mining
20:24 Wheelbarrow
20:42 Scale Barding Armor
22:13 Gold Shaft Mining
22:58 Iron Casting
22:32 Husbandry
26:03 Cavalier
27:23 Chain Barding Armor
30:05 Two-Man Saw
32:00 Stone Mining
34:58 Stone Shaft Mining
37:06 Loom
37:36 Hand Cart
37:55 Crop Rotation
37:27 Pikeman
38:08 Squires
bellotodelnorte
12:01 Feudal Age
14:14 Loom
18:14 Castle Age
18:13 Forging
18:09 Scale Barding Armor
18:08 Double-Bit Axe
21:12 Gold Mining
23:30 Town Watch
26:59 Wheelbarrow
27:03 Husbandry
27:50 Iron Casting
32:01 Arson
32:17 Squires
32:35 Hand Cart
34:04 Gold Shaft Mining
39:04 Pikeman
☘[4:20]☘Rolando Mota dl Kmpo
7:07 Loom
9:37 Feudal Age
11:49 Horse Collar
12:19 Double-Bit Axe
13:50 Town Watch
17:11 Scale Barding Armor
20:54 Forging
23:08 Castle Age
22:50 Bloodlines
23:56 Husbandry
25:00 Iron Casting
24:46 Chain Barding Armor
24:33 Light Cavalry
37:01 Bow Saw
36:53 Heavy Plow
38:09 Wheelbarrow
☘[4:20]☘ Moneymaker
7:32 Loom
9:36 Feudal Age
10:31 Double-Bit Axe
13:24 Fletching
15:03 Padded Archer Armor
25:27 Castle Age
25:53 Gold Mining
25:52 Crossbowman
28:10 Bodkin Arrow
30:13 Pikeman
Connection lost

Rejoining the realm…

Still unreachable

The connection could not be restored.

Session expired

The server has moved on; the page needs a fresh start.